 Dungeon Crawl Stone Soup version 0.30-a0-528-g8c47a4955b (webtiles) character file.

Game seed: 8997102278307593509

590 Demosthentine the Poker (level 7, -3/54 HPs)
             Began as a Demonspawn Gladiator on Dec 24, 2022.
             Was an Initiate of Qazlal.
             Slain by a two-headed ogre
             ... wielding a +0 giant club
              (33 damage)
             ... on level 5 of the Dungeon.
             The game lasted 00:04:32 (3828 turns).

Demosthentine the Poker (Demonspawn Gladiator)      Turns: 3828, Time: 00:04:32

Health: -3/54      AC:  8    Str: 15    XL:     7   Next: 15%
Magic:  7/7        EV: 14    Int:  9    God:    Qazlal [......]
Gold:   198        SH:  0    Dex: 22    Spells: 6/6 levels left

rFire   . . .      SeeInvis .    a - +1 trident (venom)
rCold   . . .      Faith    .    (no shield)
rNeg    . . .      Spirit   .    b - +0 leather armour
rPois   .          Reflect  .    c - +0 helmet
rElec   .          Harm     .    l - +0 cloak
rCorr   .          Rampage  .    (no gloves)
Will    .....                    h - +0 pair of boots
Stlth   ++                       (no amulet)
HPRegen 0.29/turn                i - +6 ring of dexterity
MPRegen 0.10/turn                (no ring)

@: studying Long Blades
A: thin metallic scales 1, demonic guardian 1
a: Renounce Religion


You were on level 5 of the Dungeon.
You worshipped Qazlal.
Qazlal was noncommittal.
You visited 2 branches of the dungeon, and saw 6 of its levels.

You collected 198 gold pieces.

Inventory:

Hand Weapons
 a - a +1 trident of venom (weapon)
Missiles
 d - 3 throwing nets (quivered)
 e - a javelin
Armour
 b - a +0 leather armour (worn)
 c - a +0 helmet (worn)
 h - a +0 pair of boots (worn)
 l - a +0 cloak (worn)
 o - a +0 buckler
Jewellery
 i - a +6 ring of dexterity (left hand)
 q - a ring of willpower
Wands
 m - a wand of light (8)
 n - a wand of charming (7)
Scrolls
 j - a scroll of poison
 k - 3 scrolls of identify
Potions
 f - 3 potions of heal wounds
 g - a potion of cancellation
 p - a potion of magic {unknown}


   Skills:
 + Level 4.0 Fighting
 + Level 4.2 Polearms
 - Level 1.7 Throwing
 + Level 3.0 Armour
 + Level 4.2 Dodging
 + Level 1.9 Shields


You had 6 spell levels left.
You didn't know any spells.
Your spell library contained the following spells:

 Spells                   Type           Power      Damage    Failure   Level
 Necrotise                Necr           0%         1d4       45%         1
 Ignite Poison            Fire/Tmut/Pois 0%         N/A       83%         3
 Vampiric Draining        Necr           0%         2d6       83%         3
 Sticky Flame             Conj/Fire      0%         2d3       99%         4
 Agony                    Necr           0%         N/A       100%        5
 Ignition                 Fire           0%         3d3       100%        8


Dungeon Overview and Level Annotations

Branches:
Dungeon (5/15)             Temple (1/1) D:4

Altars:
Cheibriados
Dithmenos
Fedhas
Nemelex Xobeh
Okawaru
Qazlal
Ru
Uskayaw
Vehumet

Shops:
D:1 :   D:3 (   D:5 *


Innate Abilities, Weirdness & Mutations

You are partially covered in thin metallic scales. (AC +2)
A weak demonic guardian rushes to your aid.


Message History

The helpless hound fails to defend itself.
You puncture the hound!
The hound is poisoned.
The hound is heavily wounded.
You puncture the hound!
You kill the hound!
Qazlal accepts your kill.
No target in view!
No target in view!
Found a stone staircase leading down.
No target in view!
No target in view!
Found a stone staircase leading down.
No target in view!
The two-headed ogre shouts in stereo!
There are monsters nearby!
You reach to attack!
You hit the two-headed ogre.
The two-headed ogre is poisoned.
The two-headed ogre is lightly wounded.
There are monsters nearby!
You barely miss the two-headed ogre.
The two-headed ogre is lightly wounded.
The two-headed ogre hits you with a +0 giant club!!
The two-headed ogre barely misses you. The scorpion closely misses you.
Unknown command.
The two-headed ogre attacks as you move away!
The two-headed ogre hits you with a +0 giant club. x2
The scorpion closely misses you. The scorpion attacks as you move away!
The scorpion stings you but does no damage.
Unknown command.
The scorpion attacks as you move away!
The scorpion stings you but does no damage.
Unknown command.
Unknown command.
Unknown command.
There is a stone staircase leading up here.
The two-headed ogre attacks as you move away!
The two-headed ogre hits you with a +0 giant club!!
Ouch! That really hurt!
You die...

........# #### ........#
..... ........# ###...
........# #...
..../...####.#
.....#.......##
..............###########
#..#.#...##...s.........^
..........##..lO@<.......
.#........###..†.........
##>......# #.....>......
#.......##.............
##......#..............
#........##########...
..## ... >. ##


You could see a two-headed ogre (poisoned), a scorpion and an iguana.

Vanquished Creatures
  A necrophage (D:4)
  4 hounds
  2 iguanas (D:4)
  An orc wizard (D:3)
  4 adders
  6 worms
  4 dart slugs
  6 orcs
  9 bats
  4 endoplasms
  A giant cockroach (D:1)
  5 hobgoblins
  6 jackals
  5 kobolds
  5 ball pythons
  3 frilled lizards
  6 goblins
  3 rats
75 creatures vanquished.

Vanquished Creatures (collateral kills)
  A phantom (D:4)
  A kobold brigand (D:4)
  A jelly (D:4)
  Terence (D:3)
  A goblin (D:4)
5 creatures vanquished.

Grand Total: 80 creatures vanquished

Notes
Turn   | Place    | Note
-------+----------+-------------------------------------------
     0 | D:1      | Demosthentine the Demonspawn Gladiator began the quest for
                  | the Orb.
     0 | D:1      | Reached XP level 1. HP: 16/16 MP: 1/1
    80 | D:1      | Found Ikuo's Vocational Training.
   282 | D:1      | Gained mutation: You are partially covered in thin metallic
                  | scales. (AC +2) [demonic ancestry]
   282 | D:1      | Reached XP level 2. HP: 22/22 MP: 2/2
   717 | D:2      | Reached skill level 1 in Armour
   717 | D:2      | Reached XP level 3. HP: 19/28 MP: 3/3
  1394 | D:3      | Found a hide-covered altar of Uskayaw.
  1427 | D:3      | Reached XP level 4. HP: 33/34 MP: 4/4
  1571 | D:3      | Gained mutation: A weak demonic guardian rushes to your
                  | aid. [demonic ancestry]
  1571 | D:3      | Reached XP level 5. HP: 27/35 MP: 5/5
  1677 | D:3      | Noticed Terence
  1685 | D:3      | Killed Terence
  1903 | D:3      | Found Soethrudo's Antique Weapon Shoppe.
  1984 | D:3      | Found a snail-covered altar of Cheibriados.
  2385 | D:4      | Found a staircase to the Ecumenical Temple.
  2405 | D:4      | Reached skill level 1 in Shields
  2405 | D:4      | Reached XP level 6. HP: 34/47 MP: 6/6
  2437 | Temple   | Entered the Ecumenical Temple
  2611 | Temple   | Became a worshipper of Qazlal Stormbringer
  2967 | D:4      | Found a shadowy altar of Dithmenos.
  3022 | D:4      | Reached XP level 7. HP: 53/53 MP: 7/7
  3416 | D:5      | Entered Level 5 of the Dungeon
  3416 | D:5      | Found a sparkling altar of Nemelex Xobeh.
  3563 | D:5      | Found Boyseecs's Overcharged Wands.
  3570 | D:5      | Noticed a two-headed ogre
  3828 | D:5      | Slain by a two-headed ogre

Illustrated notes

Levels and vault maps discovered:
D:1:      roderic_chinese_lattice_arrival, layout_loops_ring,
          nicolae_shop_vocational
D:2:      layout_loops_cross
D:3:      layout_basic, overflow_temple_1_default, amcnicky_altar_gilded,
          serial_shops, nicolae_shop_hallway_plus, uniq_terence
D:4:      layout_cave_pods, marbit_many_paths, minmay_temple_entry_stoned_glass,
          minmay_manual_moon
D:5:      kennysheep_windowed_halls, layout_rooms, general_overflow_altar,
          nicolae_shop_overcharged_wands
Temple:   hellmonk_temple_flake

Skill      XL: |  1  2  3  4  5  6  7 |
---------------+----------------------+-----
Polearms       | 3 4 |  4.2
Dodging        | 3 4 |  4.2
Armour         | 1 2 3 |  3.0
Fighting       | 3 4 |  4.0
Shields        | 1 |  1.9
Throwing       | |  1.7

Action                   |  1- 3 |  4- 6 |  7- 9 || total
-------------------------+-------+-------+-------++-------
Melee: Trident           |   122 |   133 |    32 ||   287
       Punch             |       |       |     2 ||     2
  Use: Scroll            |     4 |     2 |     5 ||    11
       Potion            |       |     1 |       ||     1
 Stab: Sleeping          |     5 |     2 |     2 ||     9
Armor: Leather armour    |    33 |    30 |    14 ||    77
Dodge: Dodged            |    74 |    53 |    26 ||   153

Table legend: (Time is in decaauts)
 A = Elapsed time spent in this place.
 B = Non-inter-level travel time spent in this place.
 C = Inter-level travel time spent in this place.
 D = Time resting spent in this place.
 E = Time spent auto-exploring this place.
 F = Levels seen in this place.
 G = Mean time per level.
                   A        B        C        D        E       F      G
               +--------+--------+--------+--------+--------+-----+--------+
         Total |   3863 |   3702 |    161 |    248 |   2579 |   6 |  643.8 |
       Dungeon |   3677 |   3516 |    161 |    248 |   2433 |   5 |  735.4 |
        Temple |    185 |    185 |      0 |      0 |    146 |   1 |  185.0 |
               +--------+--------+--------+--------+--------+-----+--------+

Top non-repeatable levels by time:
     D:4: 1209 daAuts
     D:3: 969 daAuts
     D:2: 755 daAuts
     D:1: 649 daAuts
  Temple: 185 daAuts
     D:5: 94 daAuts
